 Dungeon Crawl Stone Soup version 0.29-a0-41-g89e12c0570 (webtiles) character file.

Game seed: 1112596346160733741

13 Destapler the Grave Robber (level 2, 22/25 HPs)
             Began as a Deep Dwarf Necromancer on Feb 2, 2022.
             Was a Follower of Qazlal.
             Got out of the dungeon alive.
             The game lasted 00:01:37 (554 turns).

Destapler the Grave Robber (Deep Dwarf Necromancer)  Turns: 554, Time: 00:01:38

Health: 22/25      AC:  2    Str: 11    XL:     2   Next: 24%
Magic:  4/4        EV: 12    Int: 15    God:    Qazlal [*.....]
Gold:   5          SH:  1    Dex: 13    Spells: 3/4 levels left

rFire   . . .      SeeInvis .   b - +0 dagger
rCold   . . .      Faith    .   (no shield)
rNeg    . . .      Spirit   .   a - +0 robe
rPois   .          Reflect  .   (no helmet)
rElec   .          Harm     .   (no cloak)
rCorr   .          Rampage  .   (no gloves)
Will    .....                   (no boots)
Stlth   ++........              (no amulet)
HPRegen 0.00/turn               (no ring)
MPRegen 0.09/turn               (no ring)

@: no status effects
A: damage resistance, heal wounds, sense surroundings 1, no regeneration
a: Heal Wounds, Renounce Religion


You escaped.
You worshipped Qazlal.
Qazlal was aware of your devotion.
You visited 1 branch of the dungeon, and saw 1 of its levels.

You collected 5 gold pieces.

Inventory:

Hand Weapons
 b - a +0 dagger (weapon)
Armour
 a - a +0 robe (worn)
Scrolls
 c - a scroll of identify {unknown}
 e - a scroll of amnesia {unknown}
 f - a scroll of teleportation {unknown}
 g - a scroll of immolation {unknown}
 h - a scroll of fear {unknown}
 i - a scroll of vulnerability {unknown}
Potions
 d - a potion of curing {unknown}


   Skills:
 * Level 1.0 Fighting
 + Level 2.3 Dodging
 + Level 2.6 Stealth
 + Level 1.9 Spellcasting
 + Level 4.5 Necromancy


You had 3 spell levels left.
You knew the following spells:

 Your Spells              Type           Power      Damage    Failure   Level
a - Pain                  Necr           56%        1d6       3%          1

Your spell library contained the following spells:

 Spells                   Type           Power      Damage    Failure   Level
 Animate Skeleton         Necr           28%        N/A       3%          1
 Vampiric Draining        Necr           14%        2d7       11%         3
 Animate Dead             Necr           7%         N/A       34%         4
 Agony                    Necr           14%        N/A       69%         5


Dungeon Overview and Level Annotations

Branches:
Dungeon (1/15)

Altars:
Qazlal


Innate Abilities, Weirdness & Mutations

You are resistant to damage.
You can heal yourself by infusing magical energy.
You passively map a small area around you.
You do not regenerate.


Message History

You are now surrounded by a storm.
Things that are here:
a +0 robe; a human skeleton
i - a scroll labelled DEUKHL HEYK You see here a rat corpse.
You open the door.
There is an open door here.
A goblin is nearby!
You can't go down here!
The goblin shouts!
The goblin writhes in agony.
You kill the goblin!
Qazlal accepts your kill.
Your Fighting skill increases to level 1!
You can't see any susceptible monsters within range! (Use Z to cast anyway.)
You can't see any susceptible monsters within range! (Use Z to cast anyway.)
(D) Dungeon
Where to? (Enter - D:1 @ (x,y), ? - help)
You see here a +0 club.
There is a staircase leading out of the dungeon here.
Are you sure you want to leave the Dungeon?
This will make you lose the game!
You have escaped!

#.#.#...........#.#...,
#.##.....#.#.....##..#
#)#......#.#......#..#
#.#......#.#......#..#
#.#....#.#.#.#....#..# ,
#.#...##.#.#.##...#..#
#.#.....⌠#.#⌠.....#..# *
#.#..#####.#####..#..# *
#.........@.......)..######
###..#####.#####..#..#....+
#.....⌠#.#⌠.....#.......#
#...##.#.#.##...#.......#
#....#.#.#.#....#.......#
#......#.#......#..#'####
#......#.#......#..#.#
##.....#.#.....##..#.#
#.#...........#.#..#.#


There were no monsters in sight!

Vanquished Creatures
  4 goblins (D:1)
  A hobgoblin (D:1)
  2 jackals (D:1)
  A bat (D:1)
  A frilled lizard (D:1)
  A kobold (D:1)
  2 rats (D:1)
12 creatures vanquished.

Notes
Turn   | Place    | Note
-------+----------+-------------------------------------------
     0 | D:1      | Destapler the Deep Dwarf Necromancer began the quest for
                  | the Orb.
     0 | D:1      | Reached XP level 1. HP: 15/15 MP: 3/3
   238 | D:1      | Reached XP level 2. HP: 22/24 MP: 0/4
   443 | D:1      | Found a faded altar of an unknown god.
   451 | D:1      | Prayed at the altar of an unknown god.
   451 | D:1      | Became a worshipper of Qazlal Stormbringer
   451 | D:1      | Reached * piety under Qazlal
   541 | D:1      | Reached skill level 1 in Fighting
   554 | D:$      | Got out of the dungeon alive.

Illustrated notes

Levels and vault maps discovered:
D:1:      matt_arrival_grand_opening, layout_basic,
          dreamdust_ecumenical_altar_hidden_monk_grotto

Skill      XL: |  1  2 |
---------------+-------+-----
Fighting       | 1 |  1.0
Dodging        | |  2.3
Stealth        | |  2.6
Spellcasting   | |  1.9
Necromancy     | |  4.5

Action                   || total
-------------------------++-------
Melee: Dagger            ||     8
 Cast: Pain              ||    18
Armor: Robe              ||     4
Dodge: Dodged            ||    12

Table legend: (Time is in decaauts)
 A = Elapsed time spent in this place.
 B = Non-inter-level travel time spent in this place.
 C = Inter-level travel time spent in this place.
 D = Time resting spent in this place.
 E = Time spent auto-exploring this place.
 F = Levels seen in this place.
 G = Mean time per level.
                   A        B        C        D        E       F      G
               +--------+--------+--------+--------+--------+-----+--------+
         Total |    553 |    453 |    100 |     25 |    298 |   1 |  553.0 |
       Dungeon |    553 |    453 |    100 |     25 |    298 |   1 |  553.0 |
               +--------+--------+--------+--------+--------+-----+--------+

Top non-repeatable levels by time:
     D:1: 553 daAuts
